 Dungeon Crawl Stone Soup version 0.18-b1-22-ge198996 (webtiles) character file.

808 varam the Ruffian (level 7, -3/61 HPs)
             Began as a Troll Transmuter on May 3, 2016.
             Splashed by a jelly's acid (7 damage)
             ... on level 5 of the Dungeon.
             The game lasted 00:13:00 (5564 turns).

varam the Ruffian (Troll Transmuter)                Turns: 5564, Time: 00:13:30

Health: -3/61      AC: -7    Str: 19    XL:     7   Next: 60%
Magic:  7/10       EV: 10    Int:  9    God:
Gold:   219        SH:  0    Dex: 12    Spells: 3 memorised, 5 levels left

rFire  . . .     SeeInvis +       - Unarmed
rCold  . . .     Gourm    +     b - +0 robe
rNeg   . . .     Faith    .     (no shield)
rPois  .         Spirit   .     (helmet restricted)
rElec  .         Dismiss  .     (no cloak)
rCorr  .         Reflect  .     (gloves unavailable)
SustAt .         Harm     .     (boots unavailable)
MR     .....                    k - amulet of magic regeneration
Stlth  +.........               A - ring of see invisible
                                s - ring of flight

@: corroded, very slightly contaminated, not resistant to hostile enchantments,
very unstealthy
A: unfitting armour, claws 3, fast metabolism 3, gourmand, regeneration 2,
shaggy fur 1, tough skin 2
a: Evoke Flight


You were on level 5 of the Dungeon.
You were not hungry.

You visited 1 branch of the dungeon, and saw 5 of its levels.

You collected 219 gold pieces.

Inventory:

Missiles
 a - 74 arrows
Armour
 b - a +0 robe (worn)
Jewellery
 k - an amulet of magic regeneration (around neck)
 q - an uncursed ring of ice
 r - an uncursed amulet of dismissal
 s - a ring of flight (left claw)
 A - a ring of see invisible (right claw)
Wands
 t - a wand of enslavement (10/24)
 y - a wand of flame (27/48)
 B - a wand of hasting (3/9)
 C - a wand of disintegration (13/24)
Scrolls
 e - a scroll of magic mapping {unknown}
 h - 3 scrolls of remove curse {unknown}
 l - 2 scrolls of blinking {unknown}
 m - 4 scrolls of teleportation {unknown}
 p - 7 scrolls of identify {unknown}
 u - a scroll of enchant armour {unknown}
 D - a scroll of fear {unknown}
Potions
 g - a potion of flight {unknown}
 i - a potion of agility {unknown}
 j - a potion of cancellation {unknown}
 n - a potion of haste {unknown}
 o - a potion of resistance {unknown}
 v - 4 potions of heal wounds {unknown}
 x - a potion of berserk rage {unknown}
 z - a potion of curing {unknown}
Books
 c - a book of Changes

   Spells                             Type                      Level
   a - Beastly Appendage              Transmutation                1
   b - Sticks to Snakes               Transmutation                2
   c - Spider Form                    Transmutation/Poison         3
   d - Ice Form                       Ice/Transmutation            4
   e - Blade Hands                    Transmutation                5
Comestibles
 d - 2 bread rations
 f - 3 meat rations
 w - 2 fruits


   Skills:
 - Level 0.7 Fighting
 - Level 1.5 Dodging
 + Level 6.8 Unarmed Combat
 - Level 2.8 Spellcasting
 - Level 3.4 Transmutations


You had 5 spell levels left.
You knew the following spells:

 Your Spells              Type           Power        Failure   Level  Hunger
a - Beastly Appendage     Trmt           #.....       10%         1    ##.....
b - Sticks to Snakes      Trmt           #.......     12%         2    ###....
c - Spider Form           Trmt/Pois      #.........   56%         3    ####...


Dungeon Overview and Level Annotations

Branches:
Dungeon (5/15)             Temple (0/1) D:4

Altars:
Ashenzari
Cheibriados
Dithmenos
Fedhas
Gozag
Kikubaaqudgha
The Shining One


Innate Abilities, Weirdness & Mutations

You are too large for most types of armour.
You have claws for hands.
Your metabolism is lightning-fast.
You like to eat raw meat.
You heal very quickly.
You are covered in fur (AC +1).
You have very tough skin (AC +2).


Message History

Your transformation has ended.
Your +0 robe unmelds from your body.
The hound bites you.
* * * LOW HITPOINT WARNING * * *
You completely miss the hound.
The hound is moderately wounded.
The hound misses you. The hound closely misses you. The hound bites you.
* * * LOW HITPOINT WARNING * * *
The hound bites you.
* * * LOW HITPOINT WARNING * * *
The hound bites you.
* * * LOW HITPOINT WARNING * * *
Casting: Spider Form
Confirm with . or Enter, or press ? or * to list all spells.
You miscast Spider Form.
You feel faint for a moment. The hound closely misses you. The jelly hits you.
* * * LOW HITPOINT WARNING * * *
You are splashed with acid!
The acid burns!
You die...

.......#..#....# ..#..........#
.......#..#....# .>.#..........#
.>.....'..#....# ....#..........'
###########....#...###.....[....#
..............######....#########
..............'....'....'........
..............#....#....#........
..............######....#.....###
#######'####....@h......#.....##.
......#....#.....J......+........
......#....#............#........
......#....#............#........
###..##.####............#+##..###
..#..##.##.######..........#..###
..#.............+.......)..+....+
..'.............#..........#....#
..##'##+###+#####................


You could see a hound and a jelly.

Vanquished Creatures
  An ice beast (D:5)
  A centaur (D:5)
  2 scorpions
  The ghost of herpmino the Ruffian, a weakling FoGl of Cheibriados (D:4)
  A centaur skeleton (D:5)
  2 hounds (D:4)
  A jelly (D:5)
  A giant frog skeleton (D:4)
  An iguana (D:5)
  2 orc wizards
  4 worker ants (D:5)
  3 gnolls
  5 adders
  5 worms
  A dart slug (D:3)
  2 giant geckos
  14 orcs
  A ball python (D:1)
  5 giant cockroaches
  7 goblins
  7 hobgoblins
  11 jackals
  4 quokkas
  5 bats
  5 giant newts
  5 kobolds
  4 rats
101 creatures vanquished.

Vanquished Creatures (others)
  A butterfly (D:5)
1 creature vanquished.

Grand Total: 102 creatures vanquished

Notes
Turn   | Place    | Note
--------------------------------------------------------------
     0 | D:1      | varam the Troll Transmuter began the quest for the Orb.
     0 | D:1      | Reached XP level 1. HP: 18/18 MP: 1/1
   162 | D:1      | Reached XP level 2. HP: 26/26 MP: 1/3
   594 | D:1      | Reached XP level 3. HP: 32/32 MP: 2/4
   925 | D:2      | You fall through a shaft!
   978 | D:3      | Found a shattered altar of Ashenzari.
  1093 | D:3      | Found an ancient bone altar of Kikubaaqudgha.
  1093 | D:3      | Found a blossoming altar of Fedhas.
  1189 | D:2      | Reached XP level 4. HP: 22/40 MP: 6/6
  1704 | D:3      | Learned a level 2 spell: Sticks to Snakes
  1708 | D:3      | Learned a level 3 spell: Spider Form
  1902 | D:3      | Reached XP level 5. HP: 24/46 MP: 4/7
  2504 | D:3      | Found a snail-covered altar of Cheibriados.
  3038 | D:4      | Noticed herpmino's ghost (weakling FoGl)
  3045 | D:4      | Reached skill level 4 in Unarmed Combat
  3059 | D:4      | Killed herpmino's ghost
  3059 | D:4      | Reached XP level 6. HP: 7/54 MP: 2/8
  3336 | D:4      | Found a staircase to the Ecumenical Temple.
  3584 | D:4      | Reached skill level 5 in Unarmed Combat
  3727 | D:5      | Entered Level 5 of the Dungeon
  4040 | D:5      | Noticed an ice beast
  4281 | D:5      | Got a bloodstained plate armour
  4311 | D:5      | Reached XP level 7. HP: 57/61 MP: 4/10
  4928 | D:5      | HP: 1/61 [ice beast (11)]
  4929 | D:5      | Reached skill level 6 in Unarmed Combat
  5141 | D:5      | Found an opulent altar of Gozag.
  5141 | D:5      | Found a glowing golden altar of the Shining One.
  5515 | D:5      | Found a shadowy altar of Dithmenos.
  5564 | D:5      | Splashed by a jelly's acid

Skill      XL: |  1  2  3  4  5  6  7 |
---------------+----------------------+-----
Transmutations | 2 3 |  3.4
Spellcasting   | 2 |  2.8
Unarmed Combat | 4 5 6 |  6.8
Fighting       | |  0.7
Dodging        | |  1.5

Action                   |  1- 3 |  4- 6 |  7- 9 || total
-------------------------+-------+-------+-------++-------
Melee: Unarmed           |   112 |   177 |    42 ||   331
       Kick              |     6 |    14 |     1 ||    21
       Headbutt          |     4 |     9 |       ||    13
       Punch             |     1 |     1 |     1 ||     3
 Cast: Beastly Appendage |    28 |    22 |     3 ||    53
       Spider Form       |       |     7 |     7 ||    14
 Stab: Sleeping          |     1 |     1 |       ||     2
  Eat: Chunk             |    17 |    28 |     4 ||    49
       Bread ration      |       |       |     2 ||     2
Armor: Robe              |    44 |    33 |     2 ||    79
       Skin              |       |     3 |       ||     3
Dodge: Dodged            |    76 |   114 |    37 ||   227
